 Dungeon Crawl Stone Soup version 0.20.1-1-g8b1a95d (webtiles) character file.

77 dmj the Covered (level 4, -5/40 HPs)
             Began as a Minotaur Fighter on July 30, 2017.
             Slain by a gnoll
             ... wielding a +0 halberd
              (9 damage)
             ... on level 3 of the Dungeon.
             The game lasted 00:05:40 (1707 turns).

dmj the Covered (Minotaur Fighter)                  Turns: 1707, Time: 00:05:41

Health: -5/40      AC:  7    Str: 22    XL:     4   Next: 13%
Magic:  3/3        EV:  7    Int:  5    God:
Gold:   36         SH:  9    Dex:  9    Spells: 3/3 levels left

rFire    . . .     SeeInvis .   a - +0 trident
rCold    . . .     Gourm    .   c - +0 shield
rNeg     . . .     Faith    .   b - +0 scale mail
rPois    .         Spirit   .   (helmet restricted)
rElec    .         Reflect  .   (no cloak)
rCorr    .         Harm     .   (no gloves)
MR       .....                  (no boots)
Stlth    ..........             (no amulet)
Regen    0.2/turn               (no ring)
MPRegen  0.1/turn               (no ring)

@: no status effects
A: retaliatory headbutt, horns 2
a: no special abilities


You were on level 3 of the Dungeon.
You were not hungry.

You visited 1 branch of the dungeon, and saw 3 of its levels.

You collected 36 gold pieces.

Inventory:

Hand Weapons
 a - a +0 trident (weapon)
Missiles
 i - 4 javelins of returning (quivered)
Armour
 b - a +0 scale mail (worn)
 c - a +0 shield (worn)
Jewellery
 f - a cursed amulet of inaccuracy {unknown}
Scrolls
 j - 2 scrolls of random uselessness {unknown}
 m - a scroll of identify {unknown}
 n - a scroll of remove curse
 o - 2 scrolls of magic mapping {unknown}
Potions
 d - a potion of might
 e - a potion of agility {unknown}
 h - a potion of experience {unknown}
 k - 3 potions of curing {unknown}
 l - 2 potions of haste {unknown}
Comestibles
 g - 2 royal jellies
 p - 2 meat rations


   Skills:
 + Level 4.2 Fighting
 + Level 3.6 Polearms
 + Level 4.3 Armour
 + Level 4.2 Shields


You had 3 spell levels left.
You didn't know any spells.

Dungeon Overview and Level Annotations

Branches:
Dungeon (3/15)

Altars:


Innate Abilities, Weirdness & Mutations

You reflexively headbutt those who attack you in melee.
You have a pair of horns on your head.


Message History

You furiously retaliate!
You headbutt the gnoll! The gnoll hits you with a spear!
The gnoll hits you but does no damage. The gnoll hits you with a halberd!
You block the gnoll's attack. The gnoll hits you but does no damage.
You block the gnoll's attack.
The gnoll hits you from afar with a halberd.
The gnoll hits you from afar with a spear.
The gnoll barely misses you. The gnoll barely misses you.
You furiously retaliate!
You headbutt the gnoll. The gnoll barely misses you.
The gnoll closely misses you. The gnoll hits you.
Your shield prevents you from hitting the gnoll.
The gnoll hits you from afar with a halberd!
* * * LOW HITPOINT WARNING * * *
The gnoll hits you but does no damage. x2
You hit the gnoll but do no damage. The gnoll hits you but does no damage.
The gnoll hits you from afar with a halberd!
You die...

### ############.#
....[........#
.###########.# .# #.#
######
.###########.#####....#
..........)......+....+ .
................@#....# ..
####.#######(###g#†...#...
# .#######.# #gg........ #
.........# ##..)...... #
.############......... #
......)............ .....
................... .....
##########.####.### #####
#..# .#


You could see 3 gnolls.

Vanquished Creatures
  A gnoll (D:3)
  3 adders
  An orc (D:3)
  A ball python (D:3)
  7 bats
  A giant cockroach (D:2)
  6 goblins
  5 hobgoblins
  5 kobolds
  3 frilled lizards
  3 rats
36 creatures vanquished.

Notes
Turn   | Place    | Note
-------+----------+-------------------------------------------
     0 | D:1      | dmj the Minotaur Fighter began the quest for the Orb.
     0 | D:1      | Reached XP level 1. HP: 19/19 MP: 0/0
   337 | D:1      | Reached XP level 2. HP: 27/27 MP: 1/1
  1105 | D:2      | Reached XP level 3. HP: 26/33 MP: 2/2
  1694 | D:3      | Reached XP level 4. HP: 33/40 MP: 3/3
  1707 | D:3      | Slain by a gnoll

Skill      XL: |  1  2  3 |
---------------+----------+-----
Armour         | 4 |  4.3
Fighting       | 4 |  4.2
Polearms       | 3 |  3.6
Shields        | 4 |  4.2

Action                   |  1- 3 |  4- 6 || total
-------------------------+-------+-------++-------
Melee: Trident           |    79 |     2 ||    81
       Headbutt          |    13 |       ||    13
  Use: Scroll            |     3 |       ||     3
  Eat: Bread ration      |     1 |       ||     1
Armor: Scale mail        |    33 |     4 ||    37
Dodge: Dodged            |    23 |     6 ||    29
Block: Shield            |    47 |     3 ||    50
